 Dungeon Crawl Stone Soup version 0.29-a0-283-ga02f740833 (webtiles) character file.

Game seed: 766255821545106862

2 Ajdolov the Firebug (level 1, -1/16 HPs)
             Began as an Ogre Fire Elementalist on Mar 13, 2022.
             Slain by a quokka (2 damage)
             ... on level 1 of the Dungeon.
             The game lasted 00:00:34 (51 turns).

Ajdolov the Firebug (Ogre Fire Elementalist)          Turns: 51, Time: 00:00:35

Health: -1/16      AC:  3    Str: 11    XL:     1   Next: 30%
Magic:  0/3        EV:  9    Int: 16    God:
Gold:   0          SH:  0    Dex:  9    Spells: 3/4 levels left

rFire   . . .      SeeInvis .   c - +0 dagger
rCold   . . .      Faith    .   (no shield)
rNeg    . . .      Spirit   .   a - +0 robe
rPois   .          Reflect  .   (helmet restricted)
rElec   .          Harm     .   (no cloak)
rCorr   .          Rampage  .   (gloves unavailable)
Will    .....                   (boots unavailable)
Stlth   +.........              (no amulet)
HPRegen 0.05/turn               (no ring)
MPRegen 0.08/turn               (no ring)

@: no status effects
A: large, unfitting armour, tough skin 1
a: no special abilities


You were on level 1 of the Dungeon.
You visited 1 branch of the dungeon, and saw 1 of its levels.

Inventory:

Hand Weapons
 c - a +0 dagger (weapon)
Armour
 a - a +0 robe (worn)
Potions
 b - a potion of magic


   Skills:
 + Level 1.8 Dodging
 + Level 1.4 Stealth
 + Level 2.4 Spellcasting
 + Level 0.9 Conjurations
 + Level 2.7 Fire Magic


You had 3 spell levels left.
You knew the following spells:

 Your Spells              Type           Power      Damage    Failure   Level
a - Foxfire               Conj/Fire      28%        2x1d5     10%         1

Your spell library contained the following spells:

 Spells                   Type           Power      Damage    Failure   Level
 Scorch                   Fire           20%        2d6       10%         2
 Conjure Flame            Conj/Fire      7%         6-21      28%         3
 Inner Flame              Hex/Fire       6%         N/A       34%         3
 Flame Wave               Conj/Fire      7%         2d5       67%         4


Dungeon Overview and Level Annotations

Branches:
Dungeon (1/15)

Altars:


Innate Abilities, Weirdness & Mutations

You are too large for most types of armour.
You have tough skin. (AC +1)


Message History

The quokka is moderately wounded.
The quokka barely misses you.
You miss the quokka.
The quokka is moderately wounded.
The quokka barely misses you.
You closely miss the quokka.
The quokka is moderately wounded.
The quokka closely misses you.
The quokka bites you but does no damage.
You barely miss the quokka.
The quokka is moderately wounded.
The quokka bites you.
You miss the quokka.
The quokka is moderately wounded.
The quokka bites you but does no damage.
You closely miss the quokka.
The quokka is moderately wounded.
The quokka bites you but does no damage.
You closely miss the quokka.
The quokka is lightly wounded.
The quokka bites you.
Sorry, you're not good enough to have a special ability.
Casting: Foxfire (safe; 10% risk of failure)
Press: ? - help, Q - select action Dir - look around, f - activate You conjure some foxfire!
The quokka bites you.
* * * LOW HITPOINT WARNING * * *
The quokka closely misses you.
The foxfire hits the quokka but does no damage.
The quokka is lightly wounded.
The foxfire hits the quokka.
The quokka is severely wounded.
You barely miss the quokka.
The quokka is severely wounded.
The quokka bites you.
* * * LOW HITPOINT WARNING * * *
You hit the quokka but do no damage.
The quokka is severely wounded.
The quokka bites you.
You die...

#..# #..# . #..# #..#
.###..# #>.#
..##..####..####
..##..#........#
..##..#.......(####
..##..#........r..##
......####..P♣P.@P.#
......#.....P....♣.P#
<.##..#.##..P..P.P..#
..##..#.###.♣PP.[♣..#
####..#.# #.♣♣.P♣♣♣.
#....# #..♣♣♣♣ P#
#..### ... # #..#
.... #..# ###


You could see a quokka.

Vanquished Creatures
  A bat (D:1)
  A kobold (D:1)
2 creatures vanquished.

Vanquished Creatures (others)
  9 foxfires (D:1)
  A plant (D:1)
10 creatures vanquished.

Grand Total: 12 creatures vanquished

Notes
Turn   | Place    | Note
-------+----------+-------------------------------------------
     0 | D:1      | Ajdolov the Ogre Fire Elementalist began the quest for the
                  | Orb.
     0 | D:1      | Reached XP level 1. HP: 16/16 MP: 3/3
    51 | D:1      | Slain by a quokka

Illustrated notes

Levels and vault maps discovered:
D:1:      dpeg_arrival_boxes_within_box, layout_rooms, serial_forest,
          infiniplex_forest_lined_2, infiniplex_forest_fountain,
          infiniplex_forest_clump_medium, infiniplex_forest_straight_4,
          infiniplex_forest_zigzag_1, infiniplex_forest_clump_C,
          infiniplex_forest_straight_5, infiniplex_forest_end_2

Action                   || total
-------------------------++-------
Melee: Dagger            ||    18
 Cast: Foxfire           ||     5
Armor: Robe              ||     6
Dodge: Dodged            ||    18

Table legend: (Time is in decaauts)
 A = Elapsed time spent in this place.
 B = Non-inter-level travel time spent in this place.
 C = Inter-level travel time spent in this place.
 D = Time resting spent in this place.
 E = Time spent auto-exploring this place.
 F = Levels seen in this place.
 G = Mean time per level.
                   A        B        C        D        E       F      G
               +--------+--------+--------+--------+--------+-----+--------+
         Total |     50 |     50 |      0 |      0 |     12 |   1 |   50.0 |
       Dungeon |     50 |     50 |      0 |      0 |     12 |   1 |   50.0 |
               +--------+--------+--------+--------+--------+-----+--------+

Top non-repeatable levels by time:
     D:1: 50 daAuts
